 Dungeon Crawl Stone Soup version 0.28-a0-1033-g1a2f33fa85 (webtiles) character file.

Game seed: 1268317453989007578

25 ytrimaz the Insei (level 3, 21/23 HPs)
             Began as an Octopode Transmuter on Dec 7, 2021.
             Was a Follower of Zin.
             Quit the game on level 1 of the Dungeon.
             The game lasted 00:01:25 (826 turns).

ytrimaz the Insei (Octopode Transmuter)              Turns: 826, Time: 00:01:25

Health: 21/23      AC:  1    Str:  9    XL:     3   Next: 6%
Magic:  6/6        EV: 13    Int: 17    God:    Zin [*.....]
Gold:   12         SH:  0    Dex: 12    Spells: 2/6 levels left

rFire   . . .      SeeInvis .     - Unarmed
rCold   . . .      Faith    .   (no shield)
rNeg    . . .      Spirit   .   (helmet restricted)
rPois   .          Reflect  .   (no amulet)
rElec   .          Harm     .   (no ring)
rCorr   .          Rampage  .   (no ring)
Will    .....                   (no ring)
Stlth   ++........              (no ring)
HPRegen 0.07/turn               (no ring)
MPRegen 0.10/turn               (no ring)
                                (no ring)
                                (no ring)

@: no status effects
A: almost no armour, amphibious, 8 rings, camouflage 1, gelatinous body 1,
(nimble swimmer 1), tentacles
a: Renounce Religion, Recite, Donate Gold


You were on level 1 of the Dungeon.
You worshipped Zin.
Zin was aware of your devotion.
You visited 1 branch of the dungeon, and saw 1 of its levels.

You collected 13 gold pieces.
You donated 1 gold pieces to Zin.

You aren't carrying anything.


   Skills:
 * Level 1.5 Fighting
 - Level 2.0 Dodging
 + Level 0.4 Stealth
 + Level 3.3 Unarmed Combat
 * Level 2.3 Spellcasting
 * Level 2.3 Transmutations


You had 2 spell levels left.
You knew the following spells:

 Your Spells              Type           Power      Damage    Failure   Level
a - Beastly Appendage     Tmut           18%        N/A       8%          1
b - Spider Form           Tmut/Pois      5%         N/A       34%         3

Your spell library contained the following spells:

 Spells                   Type           Power      Damage    Failure   Level
 Wereblood                Tmut           9%         N/A       11%         2
 Ice Form                 Ice/Tmut       5%         N/A       75%         4


Dungeon Overview and Level Annotations

Branches:
Dungeon (1/15)

Altars:
Zin


Innate Abilities, Weirdness & Mutations

You cannot wear most types of armour.
You are amphibious.
You can wear up to eight rings at the same time.
Your skin changes colour to match your surroundings (Stealth+).
Your rubbery body absorbs attacks. (AC +1, EV +1)
((You are camouflaged near water. (Stealth+)))
You have tentacles for arms and can constrict up to eight enemies at once.


Message History

Found a mace.
You see here a +0 mace.
An endoplasm comes into view.
The endoplasm quivers.
An endoplasm is nearby!
An endoplasm is nearby!
An endoplasm is nearby!
You see here 13 gold pieces.
You now have 13 gold pieces.
The endoplasm jiggles.
A rat comes into view.
You tentacle-slap the endoplasm.
The endoplasm is lightly wounded.
The endoplasm freezes you.
You are frozen.
You tentacle-slap the endoplasm.
The endoplasm is heavily wounded.
The endoplasm hits you.
You tentacle-slap the endoplasm.
You kill the endoplasm!
The rat bites you but does no damage.
You closely miss the rat. Your grab misses the rat. The rat bites you.
You tentacle-slap the rat.
You kill the rat!
Found a stone staircase leading down.
You see here a rat corpse.
There is a stone staircase leading down here.
Search for what [? for help]? ala Can't find anything matching that.
Sorry, you're not good enough to have a special ability.
Search for what [Enter for "ala", or ? for help]? alt You see here a rat corpse.
Found an escape hatch in the floor.
There is a faded altar of an unknown god here.
You cannot tell which god this altar belongs to.
Convert to them anyway?
Zin accepts your prayer! Zin welcomes you!
You pay a tithe of 1 gold.
You can now donate money to Zin.
You can now recite Zin's Axioms of Law.
Are you sure you want to abandon this character and quit the game? (Confirm with "yes".)

#......###.# #.#
##.##.#...#.# #.#
#..≈....≈.≈.# #.#
#...#≈+++##.## #.#
#..##≈≈≈≈.##≈###.######
##≈≈≈≈.≈≈≈.#..........#
#≈≈.#≈.≈≈≈≈≈#.≈≈#.####.#
#.#≈#.....≈≈#≈≈≈#....#.#
# #.≈≈≈≈@...≈.#.#.##.#.#
#8.#######.8≈≈#.##.#.#
### .≈≈.≈##≈≈..##.#.##
≈≈≈..≈.....##)#.##
.....#.####.##.#.#
.....>. #......## ......
#.##.#### ...... #.##.#
#.. #.##.#


There were no monsters in sight!

Vanquished Creatures
  2 dart slugs (D:1)
  A ball python (D:1)
  3 bats (D:1)
  2 endoplasms (D:1)
  A giant cockroach (D:1)
  A goblin (D:1)
  2 hobgoblins (D:1)
  4 jackals (D:1)
  2 rats (D:1)
  A spectral kobold (D:1)
19 creatures vanquished.

Notes
Turn   | Place    | Note
-------+----------+-------------------------------------------
     0 | D:1      | ytrimaz the Octopode Transmuter began the quest for the
                  | Orb.
     0 | D:1      | Reached XP level 1. HP: 13/13 MP: 3/3
    50 | D:1      | Reached XP level 2. HP: 5/18 MP: 5/5
   504 | D:1      | Reached XP level 3. HP: 5/23 MP: 6/6
   508 | D:1      | Learned a level 3 spell: Spider Form
   752 | D:1      | Found a faded altar of an unknown god.
   825 | D:1      | Prayed at the altar of an unknown god.
   825 | D:1      | Became a worshipper of Zin the Law-Giver
   825 | D:1      | Reached * piety under Zin
   826 | D:1      | Quit the game

Illustrated notes

Levels and vault maps discovered:
D:1:      dpeg_arrival_round_c, layout_basic,
          dreamdust_ecumenical_altar_drowned_temple, hangedman_decor_lopped,
          minmay_bisected

Action                   || total
-------------------------++-------
Melee: Unarmed           ||    44
       Constrict         ||    10
       Tentacles         ||     6
       Punch             ||     2
       Kick              ||     5
 Cast: Beastly Appendage ||     2
  Use: Scroll            ||     1
       Potion            ||     1
 Stab: Sleeping          ||     2
Armor: Skin              ||     7
Dodge: Dodged            ||    45

Table legend: (Time is in decaauts)
 A = Elapsed time spent in this place.
 B = Non-inter-level travel time spent in this place.
 C = Inter-level travel time spent in this place.
 D = Time resting spent in this place.
 E = Time spent auto-exploring this place.
 F = Levels seen in this place.
 G = Mean time per level.
                   A        B        C        D        E       F      G
               +--------+--------+--------+--------+--------+-----+--------+
         Total |    823 |    799 |     24 |      0 |    668 |   1 |  823.0 |
       Dungeon |    823 |    799 |     24 |      0 |    668 |   1 |  823.0 |
               +--------+--------+--------+--------+--------+-----+--------+

Top non-repeatable levels by time:
     D:1: 823 daAuts
